 Dungeon Crawl Stone Soup version 0.29.1-1-gd02db6906a (webtiles) character file.

Game seed: 700593287905145225

8518 iamoutofideas the Thaumaturge (level 11, -7/86 HPs)
             Began as a Gnoll Warper on Sept 19, 2022.
             Was a Believer of Makhleb.
             Mangled by a raiju (9 damage)
             ... on level 3 of the Abyss.
             The game lasted 00:27:10 (11217 turns).

iamoutofideas the Thaumaturge (Gnoll Warper)       Turns: 11217, Time: 00:27:10

Health: -7/86      AC: 21    Str: 18    XL:     11   Next: 32%
Magic:  4/23       EV: 10    Int: 14    God:    Makhleb [**....]
Gold:   237        SH:  5    Dex: 13    Spells: 12/26 levels left

rFire   . . .      SeeInvis .   w - +3 hand axe (vamp)
rCold   + . .      Faith    .   S - +0 buckler
rNeg    . . .      Spirit   .   U - +3 chain mail {rC+}
rPois   +          Reflect  .   G - +2 helmet
rElec   .          Harm     .   x - +2 cloak {rPois}
rCorr   .          Rampage  .   (no gloves)
Will    .....                   l - +0 pair of boots
Stlth   ..........              k - amulet of regeneration
HPRegen 1.04/turn               m - +6 ring of strength
MPRegen 0.18/turn               B - +4 ring of protection

@: unable to read
A: fangs 1, strong nose, distributed training, [deformed body], [no potion heal
2], [inability to read after injury 2]
a: Renounce Religion, Minor Destruction


You were on level 3 of the Abyss.
You worshipped Makhleb.
Makhleb was pleased with you.
You visited 3 branches of the dungeon, and saw 12 of its levels.
You visited the Abyss 2 times.
You also visited: Ossuary and Ice Cave.

You collected 551 gold pieces.
You spent 314 gold pieces at shops.

Inventory:

Hand Weapons
 w - a +3 vampiric hand axe (weapon)
 z - a +0 antimagic dagger
 F - a +2 vampiric short sword
 V - a +0 war axe
Missiles
 d - 9 boomerangs of dispersal (quivered)
 f - 2 throwing nets
 A - 39 poisoned darts
Armour
 l - a +0 pair of boots (worn)
 x - a +2 cloak of poison resistance (worn)
 G - a +2 helmet (worn)
 S - a +0 buckler (worn)
 U - a +3 chain mail of cold resistance (worn)
 W - +0 acid dragon scales
Jewellery
 h - a ring of positive energy
 k - an amulet of regeneration (around neck)
 m - a +6 ring of strength (left hand)
 p - a ring of ice
 y - a +4 ring of evasion
 B - a +4 ring of protection (right hand)
 L - the amulet "Kalag" {Faith Rampage rF+}
   (You found it in an ossuary)

   [amulet of faith]

   It allows you to gain divine favour quickly.
   rF:        It protects you from fire.
   Rampage:   It bestows one free step when moving towards enemies.
Wands
 a - a wand of mindburst (5)
 e - a wand of roots (8)
 O - a wand of paralysis (12)
 P - a wand of quicksilver (6)
Scrolls
 i - 2 scrolls of immolation
 q - a scroll of silence
 v - 3 scrolls of teleportation
 E - 2 scrolls of identify
 I - a scroll of fog
 J - a scroll of brand weapon
 R - a scroll of amnesia
Potions
 b - 2 potions of brilliance {unknown}
 c - 3 potions of attraction {unknown}
 g - 2 potions of flight {unknown}
 j - 2 potions of lignification
 n - 3 potions of might
 o - 2 potions of curing
 r - 2 potions of mutation {unknown}
 s - a potion of resistance {unknown}
 t - 3 potions of magic
 u - 2 potions of haste {unknown}
 C - 2 potions of invisibility
 D - 2 potions of ambrosia {unknown}
 Q - 2 potions of berserk rage {unknown}


   Skills:
 + Level 8.0 Fighting
 + Level 6.4 Short Blades
 + Level 6.4 Long Blades
 + Level 8.0 Axes
 + Level 6.4 Maces & Flails
 + Level 6.4 Polearms
 + Level 6.4 Staves
 + Level 6.4 Ranged Weapons
 + Level 7.0 Throwing
 + Level 7.0 Armour
 + Level 8.0 Dodging
 + Level 6.4 Stealth
 + Level 6.4 Shields
 + Level 6.4 Unarmed Combat
 + Level 8.2 Spellcasting
 + Level 5.3 Conjurations
 + Level 5.3 Hexes
 + Level 5.3 Summonings
 + Level 5.3 Necromancy
 + Level 7.7 Translocations
 + Level 5.3 Transmutations
 + Level 5.3 Fire Magic
 + Level 5.3 Ice Magic
 + Level 5.3 Air Magic
 + Level 5.3 Earth Magic
 + Level 5.3 Poison Magic
 + Level 7.0 Invocations
 + Level 6.4 Evocations


You had 12 spell levels left.
You knew the following spells:

 Your Spells              Type           Power      Damage    Failure   Level
a - Blink                 Tloc           54%        N/A       11%         2
b - Foxfire               Conj/Fire      80%        2x1d8     19%         1
c - Flame Wave            Conj/Fire      20%        2d7       88%         4
d - Teleport Other        Tloc           27%        N/A       21%         3
e - Petrify               Tmut/Erth      20%        N/A       88%         4

Your spell library contained the following spells:

 Spells                   Type           Power      Damage    Failure   Level
 Gell's Gravitas          Tloc           27%        N/A       21%         3
 Lesser Beckoning         Tloc           27%        N/A       21%         3
 Sublimation of Blood     Necr           20%        N/A       28%         2
 Conjure Flame            Conj/Fire      20%        6-21      50%         3
 Inner Flame              Hex/Fire       20%        N/A       50%         3
 Manifold Assault         Tloc           27%        N/A       88%         5
 Irradiate                Conj/Tmut      10%        3d15      99%         5
 Chain Lightning          Conj/Air       10%        3d13      100%        9
 Fire Storm               Conj/Fire      10%        8d3       100%        9
 Shatter                  Erth           10%        3d11*     100%        9


Dungeon Overview and Level Annotations

Branches:
Dungeon (10/15)            Temple (1/1) D:6            Lair (1/5) D:8
Ossuary (visited)           IceCv (visited)
    Orc: D:9-12

Altars:
Ashenzari
Dithmenos
Elyvilon
Fedhas
Gozag
Hepliaklqana
Kikubaaqudgha
Makhleb
Nemelex Xobeh
Okawaru
Qazlal
Ru
Sif Muna
Trog
Uskayaw
Vehumet
Wu Jian
Xom
Yredelemnul
Zin
The Shining One

Shops:
D:3 (=**   D:5 =   D:10 (*

Annotations:
D:4 exclusion: downstairs
D:5 Grinder
D:10 Psyche


Innate Abilities, Weirdness & Mutations

You have very sharp teeth.
Your uncanny sense of smell can sniff out nearby items.
Your experience applies equally to all skills.
[Armour fits poorly on your strangely shaped body.]
[Potions cannot restore your health.]
[You sometimes lose the ability to read scrolls when taking damage.]


Message History

Casting: Blink (safe; 11% risk of failure)
Confirm with . or Enter, or press ? or * to list all spells.
You blink.
You feel stable enough to blink again.
A raiju comes into view.
The raiju barks!
You hear a screech!
You hear a bellow!
You can read scrolls again.
A quasit comes into view.
You enter the shallow water.
Moving in this stuff is going to be slow.
The quasit gives a chilling moan.
An ancient zyme comes into view.
You feel yourself growing ill in the presence of the ancient zyme.
Found a gateway leading deeper into the Abyss.
Okay, then.
The raiju attacks as you move away! The raiju bites you.
* * * LOW HITPOINT WARNING * * *
The raiju shocks you!
* * * LOW HITPOINT WARNING * * *
The starcursed mass shrieks in your mind.
You feel threatened and lose the ability to read scrolls!
* * * LOW HITPOINT WARNING * * *
The raiju bursts into living lightning!
The living lightning hits you!
* * * LOW HITPOINT WARNING * * *
The raiju blinks!
You have no ailments to cure.
Unknown command.
You have no ailments to cure.
Unknown command.
Okay, then.
Okay, then.
Casting: Blink (safe; 11% risk of failure)
Confirm with . or Enter, or press ? or * to list all spells.
Okay, then.
The raiju barely misses you. The raiju attacks as you move away!
The raiju bites you.
* * * LOW HITPOINT WARNING * * *
The raiju shocks you!
You die...

#.#. X.# #..# # .#
###X# .#. #≈.X## ...
##~.# ### ..#
#≈≈~~~X.### #.##
#...~≈~###.#.###...#..
#..≈~≈♣..#.....#.......
...≈~~~ ...#.5h@...>..#
.♣.~~~...##....#....#..
#.#~~x###.##.###...#
.~≈≈≈ # ### #.## ~.#..
# ##


You could see a starcursed mass, a raiju and a quasit.

Vanquished Creatures
  2 black mambas (D:8)
  A rime drake (Lair:1)
  A polar bear (IceCv)
  Prince Ribbit (D:7)
  A hornet (D:7)
  Sigmund (D:6)
  2 yaks
  3 wyverns
  2 steam dragons
  A death yak simulacrum (Lair:1)
  Menkaure (D:7)
  4 acid dragons
  A water moccasin (Lair:1)
  7 orc warriors
  A hornet zombie (Ossuary)
  An ice beast (D:7)
  A black bear (D:8)
  4 ogres
  2 centaurs (D:9)
  3 wolves
  A phantom (D:5)
  4 kobold brigands
  Blork the orc (D:6)
  4 bullfrogs
  4 water moccasin zombies (Ossuary)
  3 scorpions
  5 wights
  6 killer bees (D:9)
  2 howler monkeys
  3 centaur zombies (Ossuary)
  9 orc priests
  4 bullfrog zombies (Ossuary)
  5 hounds
  2 jellies
  A gnoll bouda (D:5)
  Crazy Yiuf (D:6)
  17 mummies (Ossuary)
  2 iguanas (D:4)
  10 orc wizards
  2 howler monkey zombies (Ossuary)
  Robin (D:4)
  12 adders
  9 gnolls
  A white imp (D:6)
  An ufetubus (D:5)
  5 worms
  A dart slug (D:4)
  37 orcs
  3 bats
  9 endoplasms
  A giant cockroach (D:2)
  14 goblins
  12 hobgoblins
  3 jackals (D:3)
  3 quokkas
  7 ball pythons
  6 frilled lizards
  24 kobolds
  3 rats
278 creatures vanquished.

Vanquished Creatures (others)
  20 fungi
  37 plants
  6 starspawn tentacles (Abyss:3)
  5 withered plants
68 creatures vanquished.

Grand Total: 346 creatures vanquished

Notes
Turn   | Place    | Note
-------+----------+-------------------------------------------
     0 | D:1      | iamoutofideas the Gnoll Warper began the quest for the Orb.
     0 | D:1      | Reached XP level 1. HP: 20/20 MP: 6/6
   481 | D:1      | Reached XP level 2. HP: 24/26 MP: 7/7
   535 | D:1      | Found a faded altar of an unknown god.
  1005 | D:2      | Reached skill level 5 in Spellcasting
  1005 | D:2      | Reached XP level 3. HP: 15/31 MP: 7/9
  1699 | D:2      | Reached skill level 1 in Invocations
  1900 | D:2      | Reached skill level 1 in Short Blades
  1900 | D:2      | Reached skill level 1 in Long Blades
  1900 | D:2      | Reached skill level 1 in Maces & Flails
  1900 | D:2      | Reached skill level 1 in Polearms
  1900 | D:2      | Reached skill level 1 in Staves
  1900 | D:2      | Reached skill level 1 in Ranged Weapons
  1900 | D:2      | Reached skill level 1 in Stealth
  1900 | D:2      | Reached skill level 1 in Shields
  1900 | D:2      | Reached skill level 1 in Unarmed Combat
  1900 | D:2      | Reached skill level 1 in Evocations
  1922 | D:2      | Reached XP level 4. HP: 29/38 MP: 11/11
  2045 | D:2      | Found a shimmering altar of Xom.
  2109 | D:2      | Reached skill level 1 in Conjurations
  2109 | D:2      | Reached skill level 1 in Hexes
  2109 | D:2      | Reached skill level 1 in Summonings
  2109 | D:2      | Reached skill level 1 in Necromancy
  2109 | D:2      | Reached skill level 1 in Transmutations
  2109 | D:2      | Reached skill level 1 in Fire Magic
  2109 | D:2      | Reached skill level 1 in Ice Magic
  2109 | D:2      | Reached skill level 1 in Air Magic
  2109 | D:2      | Reached skill level 1 in Earth Magic
  2109 | D:2      | Reached skill level 1 in Poison Magic
  2897 | D:3      | Found Gire's Assorted Antiques.
  3026 | D:3      | Found Xydez's Jewellery Shoppe.
  3062 | D:3      | Found Pitim's Weapon Shoppe.
  3207 | D:3      | Reached XP level 5. HP: 20/23 MP: 12/12
  3394 | D:3      | Learned a level 2 spell: Blink
  3396 | D:3      | Learned a level 1 spell: Foxfire
  3401 | D:3      | Learned a level 4 spell: Flame Wave
  3405 | D:3      | Learned a level 3 spell: Teleport Other
  3467 | D:3      | Found Ecetoh Alir's Assorted Antiques.
  3475 | D:3      | Bought a twisted silver ring for 145 gold pieces
  3984 | D:4      | Reached XP level 6. HP: 27/39 MP: 14/14
  4022 | D:4      | Reached skill level 5 in Fighting
  4022 | D:4      | Reached skill level 5 in Axes
  4022 | D:4      | Reached skill level 5 in Dodging
  4100 | D:4      | Found a shimmering blue altar of Sif Muna.
  4230 | D:4      | Noticed Robin
  4242 | D:4      | Killed Robin
  4243 | D:4      | Reached XP level 7. HP: 54/54 MP: 15/15
  4496 | D:5      | Entered Level 5 of the Dungeon
  4572 | D:5      | Found Nugux's Jewellery Boutique.
  4906 | D:5      | Noticed Grinder
  4908 | Abyss:2  | Cast into level 2 of the Abyss (gnoll)
  4938 | Abyss:2  | Noticed a wretched star
  4941 | Abyss:2  | Noticed a wretched star
  4943 | Abyss:3  | Found a corrupted altar of Lugonu.
  5003 | Abyss:3  | Noticed a worldbinder
  5013 | Abyss:3  | Noticed a tarantella
  5015 | Abyss:3  | Noticed a wolf spider
  5015 | Abyss:3  | Noticed a wolf spider
  5017 | Abyss:3  | Noticed a tentacled starspawn
  5056 | Abyss:3  | Noticed a large abomination
  5057 | Abyss:3  | Noticed a blink frog
  5057 | Abyss:3  | Noticed a blink frog
  5061 | Abyss:3  | Noticed a sixfirhy
  5067 | Abyss:3  | Noticed a spatial vortex
  5068 | Abyss:3  | Noticed a spatial vortex
  5068 | Abyss:3  | Noticed a spatial vortex
  5069 | Abyss:3  | Noticed a spatial maelstrom
  5070 | Abyss:3  | Noticed a spatial vortex
  5070 | Abyss:3  | Noticed a spatial vortex
  5073 | Abyss:3  | Noticed a large abomination
  5074 | Abyss:3  | Noticed a spatial vortex
  5075 | Abyss:3  | Noticed an eidolon
  5077 | Abyss:3  | Noticed a spatial vortex
  5078 | Abyss:3  | Noticed a spatial vortex
  5080 | Abyss:3  | Noticed a spatial vortex
  5080 | Abyss:3  | Noticed a spatial vortex
  5081 | Abyss:3  | Noticed a spatial vortex
  5081 | D:5      | Escaped the Abyss
  5263 | D:6      | Found a basalt altar of Yredelemnul.
  5277 | D:6      | Reached XP level 8. HP: 52/63 MP: 16/16
  5444 | D:6      | Noticed Sigmund
  5450 | D:6      | Killed Sigmund
  5457 | D:6      | Noticed Blork the orc
  5487 | D:6      | Killed Blork the orc
  5880 | D:6      | Found a staircase to the Ecumenical Temple.
  5962 | Temple   | Entered the Ecumenical Temple
  6074 | D:6      | Found a white marble altar of Elyvilon.
  6365 | D:6      | Found a runed translucent door.
  6366 | D:6      | Noticed Crazy Yiuf
  6378 | D:6      | Killed Crazy Yiuf
  6580 | D:7      | Noticed Prince Ribbit
  6580 | D:7      | Noticed a wyvern
  6603 | D:6      | Killed a wyvern
  6664 | D:7      | Reached XP level 9. HP: 62/69 MP: 18/18
  6703 | D:7      | Killed Prince Ribbit
  6729 | D:7      | Found a sand-covered staircase.
  6736 | Ossuary  | Entered an ossuary
  6776 | Ossuary  | Reached skill level 5 in Throwing
  6776 | Ossuary  | Reached skill level 5 in Armour
  6920 | Ossuary  | Reached skill level 5 in Invocations
  7088 | Ossuary  | Identified the amulet "Kalag" {Faith Rampage rF+}
  7413 | D:7      | Noticed Menkaure
  7426 | D:7      | Killed Menkaure
  7646 | D:7      | Reached skill level 5 in Short Blades
  7646 | D:7      | Reached skill level 5 in Long Blades
  7646 | D:7      | Reached skill level 5 in Maces & Flails
  7646 | D:7      | Reached skill level 5 in Polearms
  7646 | D:7      | Reached skill level 5 in Staves
  7646 | D:7      | Reached skill level 5 in Ranged Weapons
  7646 | D:7      | Reached skill level 5 in Stealth
  7646 | D:7      | Reached skill level 5 in Shields
  7646 | D:7      | Reached skill level 5 in Unarmed Combat
  7646 | D:7      | Reached skill level 5 in Evocations
  7646 | D:7      | Reached XP level 10. HP: 77/77 MP: 20/20
  8114 | D:7      | Learned a level 4 spell: Petrify
  8164 | D:8      | Found a burning altar of Makhleb.
  8206 | D:8      | Became a worshipper of Makhleb the Destroyer
  8404 | D:8      | Found a staircase to the Lair.
  8479 | D:7      | Paralysed by a hornet for 3 turns
  9022 | D:8      | Found a blossoming altar of Fedhas.
  9026 | D:8      | Found a radiant altar of Vehumet.
  9042 | D:8      | Found a shadowy altar of Dithmenos.
  9043 | D:8      | Found a hazy altar of Hepliaklqana.
  9043 | D:8      | Found a sparkling altar of Nemelex Xobeh.
  9043 | D:8      | Found a glowing silver altar of Zin.
  9045 | D:8      | Found an iron altar of Okawaru.
  9046 | D:8      | Found a broken altar of Ashenzari.
  9047 | D:8      | Found an ornate altar of the Wu Jian Council.
  9280 | D:8      | Reached * piety under Makhleb
  9487 | Lair:1   | Entered Level 1 of the Lair of Beasts
  9520 | Lair:1   | Noticed a black mamba
  9551 | D:8      | Killed a black mamba
  9608 | Lair:1   | Found a frozen archway.
  9622 | Lair:1   | Noticed a black mamba
  9649 | D:8      | HP: 3/79 [black mamba (4)]
  9654 | D:8      | Killed a black mamba
  9831 | Lair:1   | Reached skill level 5 in Conjurations
  9831 | Lair:1   | Reached skill level 5 in Hexes
  9831 | Lair:1   | Reached skill level 5 in Summonings
  9831 | Lair:1   | Reached skill level 5 in Necromancy
  9831 | Lair:1   | Reached skill level 5 in Transmutations
  9831 | Lair:1   | Reached skill level 5 in Fire Magic
  9831 | Lair:1   | Reached skill level 5 in Ice Magic
  9831 | Lair:1   | Reached skill level 5 in Air Magic
  9831 | Lair:1   | Reached skill level 5 in Earth Magic
  9831 | Lair:1   | Reached skill level 5 in Poison Magic
  9831 | Lair:1   | Reached XP level 11. HP: 60/85 MP: 10/22
  9909 | IceCv    | Entered an ice cave
  9992 | IceCv    | Noticed a death yak
 10944 | D:10     | Entered Level 10 of the Dungeon
 10944 | D:10     | Found Opnyuc's Weapon Boutique.
 11012 | D:10     | Found Bekud's General Store.
 11029 | D:10     | Reached ** piety under Makhleb
 11032 | D:10     | Bought a potion of curing for 39 gold pieces
 11032 | D:10     | Bought a scroll of identify for 26 gold pieces
 11032 | D:10     | Bought a potion of lignification for 39 gold pieces
 11032 | D:10     | Bought a scroll of identify for 26 gold pieces
 11032 | D:10     | Bought a scroll of teleportation for 39 gold pieces
 11049 | D:10     | Noticed Psyche
 11050 | Abyss:3  | Cast into level 3 of the Abyss (Psyche)
 11083 | Abyss:3  | Noticed a wretched star
 11182 | Abyss:3  | Noticed a starcursed mass
 11190 | Abyss:3  | Paralysed by accursed screaming for 1 turns
 11191 | Abyss:3  | HP: 4/86 [starcursed mass/accursed screaming (12)]
 11214 | Abyss:3  | HP: 2/86 [raiju/living lightning (10)]
 11217 | Abyss:3  | Mangled by a raiju

Illustrated notes

Levels and vault maps discovered:
D:1:      lightli_arrival_maybe_door_vault, layout_loops_cross,
          dilly_ecumenical_altar_fadedgnrine, minmay_tromino_i2
D:2:      layout_basic, basic_altar, serial_curves, eino_curves_03,
          eino_curves_04, mrwooster_statue_mirror, serial_bayou_lake_a
D:3:      layout_loops_ring, serial_shops, shop, shop, nicolae_shop_statue_plus,
          nicolae_shop_advertising_works [nicolae_subvault_shop_adworks]
D:4:      layout_rooms, mainiacjoe_overflow_paths, uniq_robin
D:5:      layout_loops_ring, minmay_shop_enchanted_jewellery, uniq_grinder
D:6:      layout_basic, mainiacjoe_overflow_alcove_1, yredelemnul_altar_generic,
          minmay_temple_entry_gardened_gates, uniq_sigmund, uniq_blork_the_orc,
          uniq_crazy_yiuf_cottage
D:7:      layout_loops_cross, serial_aquarium, aquarium_bridge_square
          [aquarium_subvault_window, aquarium_subvault_wall,
          aquarium_subvault_bridge, aquarium_subvault_bridge],
          aquarium_window_2, aquarium_window_1, aquarium_view_2d,
          aquarium_view_2b, nicolae_ossuary_entry_monument, uniq_prince_ribbit1,
          uniq_menkaure
D:8:      layout_rooms, mainiacjoe_overflow_boulevard, minitemple,
          grunt_lair_entry_orc_guard_hut, solitary_fountain,
          kennysheep_generic_room_9
D:9:      layout_basic
D:10:     layout_loops_cross, mainiacjoe_overflow_concentric_impassable,
          enter_bailey_2, serial_shops, nicolae_stop_n_shop_1,
          kennysheep_little_box, uniq_psyche, uniq_joseph, uniq_urug
Temple:   hellmonk_temple_two_chambers
Lair:1:   layout_misc_corridors, portal_ice_cave_entry_ice_simulacra,
          beast_lair_carwin_5, serial_bayou_shore_b
Abyss:3:  base: D:4, evilmike_abyss_exit_1, bh_abyss_negative,
          nicolae_abyss_rune_left_handed, hangedman_steaming_rock,
          spicy_abyss_rude_harpoons, base: D:14,
          guppyfry_abyss_exit_glass_guarded, hangedman_abyss_or_decor_stabs,
          minivault_23

Skill      XL: |  1  2  3  4  5  6  7  8  9 10 11 |
---------------+----------------------------------+-----
Spellcasting   | 5 6 7 8 |  8.2
Invocations    | 1 2 3 4 5 6 7 |  7.0
Short Blades   | 1 2 3 5 6 |  6.4
Long Blades    | 1 2 3 5 6 |  6.4
Maces & Flails | 1 2 3 5 6 |  6.4
Polearms       | 1 2 3 5 6 |  6.4
Staves         | 1 2 3 5 6 |  6.4
Ranged Weapons | 1 2 3 5 6 |  6.4
Stealth        | 1 2 3 5 6 |  6.4
Shields        | 1 2 3 5 6 |  6.4
Unarmed Combat | 1 2 3 5 6 |  6.4
Evocations     | 1 2 3 5 6 |  6.4
Conjurations   | 1 2 3 4 5 |  5.3
Hexes          | 1 2 3 4 5 |  5.3
Summonings     | 1 2 3 4 5 |  5.3
Necromancy     | 1 2 3 4 5 |  5.3
Transmutations | 1 2 3 4 5 |  5.3
Fire Magic     | 1 2 3 4 5 |  5.3
Ice Magic      | 1 2 3 4 5 |  5.3
Air Magic      | 1 2 3 4 5 |  5.3
Earth Magic    | 1 2 3 4 5 |  5.3
Poison Magic   | 1 2 3 4 5 |  5.3
Throwing       | 3 4 5 6 7 |  7.0
Armour         | 3 4 5 6 7 |  7.0
Fighting       | 5 6 7 8 |  8.0
Axes           | 5 6 7 8 |  8.0
Dodging        | 5 6 7 8 |  8.0
Translocations | 6 7 |  7.7

Action                   |  1- 3 |  4- 6 |  7- 9 | 10-12 || total
-------------------------+-------+-------+-------+-------++-------
Melee: Hand axe          |    96 |   291 |   631 |   719 ||  1737
       Bite              |    12 |    30 |    81 |   109 ||   232
       Punch             |       |     4 |    22 |       ||    26
       Dagger            |       |       |       |     1 ||     1
Throw: Boomerang         |       |       |     2 |       ||     2
 Cast: Blink             |       |       |     1 |     5 ||     6
Evoke: Wand              |       |       |       |     2 ||     2
  Use: Scroll            |       |     4 |    14 |    15 ||    33
       Potion            |       |       |     6 |    10 ||    16
 Stab: Sleeping          |       |       |     1 |     2 ||     3
       Paralysed         |       |       |       |     1 ||     1
Armor: Leather armour    |    19 |       |       |       ||    19
       Ring mail         |     7 |    93 |   175 |   157 ||   432
       Skin              |       |       |    13 |       ||    13
       Chain mail        |       |       |       |   360 ||   360
Dodge: Dodged            |    70 |   198 |   539 |   485 ||  1292
Block: Buckler           |       |       |       |   217 ||   217
